 Dungeon Crawl Stone Soup version 0.24-a0-736-g4e6fe308c7 (webtiles) character file.

Game seed: 360279196023992081, levelgen mode: deterministic

178196 bruhmomentos the Tortoise (level 17, 0/144 HPs)
             Began as a Minotaur Berserker on Oct 1, 2019.
             Was a High Priest of Trog.
             Killed by mirror damage (16 damage)
             ... on level 3 of the Abyss on Oct 2, 2019.
             The game lasted 01:54:17 (37308 turns).

bruhmomentos the Tortoise (Minotaur Berserker)     Turns: 37308, Time: 01:54:18

Health: 0/144      AC: 30    Str: 24    XL:     17   Next: 56%
Magic:  12/12      EV: 15    Int:  2    God:    Trog [*****.]
Gold:   1173       SH:  0    Dex: 14    Spells: 16/16 levels left

rFire    . . .     SeeInvis .   a - +10 executioner's axe of Duty {venom, Int+2}
rCold    + . .     Gourm    .   (shield currently unavailable)
rNeg     + . .     Faith    .   N - +1 plate armour of Ecvituass {rN+ Slay+3}
rPois    .         Spirit   .   s - +0 hat {MR+}
rElec    .         Reflect  .   Y - +1 cloak (curse)
rCorr    .         Harm     .   x - +2 pair of gloves
MR       ++...                  Z - +2 pair of boots
Stlth    ..........             g - amulet of Eworimou {rC+ Regen+}
HPRegen  0.74/turn              T - +5 ring of dexterity
MPRegen  0.13/turn              i - ring of flight

@: no status effects
A: retaliatory headbutt, horns 2, [blurry vision 2], [clumsy 1], [deterioration
2], [dopey 2], [frail 1], [low mp 2], [weak 2], [subdued magic 2]
a: Berserk, Trog's Hand, Brothers in Arms, Renounce Religion, Evoke Flight


You were on level 3 of the Abyss.
You worshipped Trog.
Trog was extremely pleased with you.
You were not hungry.

You visited 6 branches of the dungeon, and saw 29 of its levels.
You visited the Abyss 1 time.
You also visited: Sewer and Ossuary.

You collected 1931 gold pieces.
You spent 758 gold pieces at shops.

Inventory:

Hand Weapons
 a - the +10 executioner's axe of Duty (weapon) {venom, Int+2}
   (Trog gifted it to you on level 1 of the Snake Pit)

   It poisons the flesh of those it strikes.
   It affects your intelligence (+2).
 D - a +8 broad axe of chopping
Missiles
 A - 29 boomerangs (quivered)
 C - 18 javelins
 E - 7 silver boomerangs
 O - 3 boomerangs of dispersal
 U - 3 throwing nets
Armour
 s - a +0 hat of magic resistance (worn)
 x - a +2 pair of gloves (worn)
 N - the +1 plate armour of Ecvituass (worn) {rN+ Slay+3}
   (You found it on level 9 of the Dungeon)

   It affects your accuracy and damage with ranged weapons and melee attacks
   (+3).
   It protects you from negative energy.
 Y - a cursed +1 cloak (worn)
 Z - a +2 pair of boots (worn)
Jewellery
 b - an uncursed ring of protection from cold
 d - an uncursed ring of poison resistance {sc is a nigger}
 f - an uncursed ring of protection from magic
 g - the amulet of Eworimou (around neck) {rC+ Regen+}
   (You bought it in a shop on level 2 of the Orcish Mines)

   [amulet of regeneration]

   It protects you from cold.
   It increases your rate of regeneration.
 i - a ring of flight (right hand)
 B - an uncursed ring of protection from fire
 T - a +5 ring of dexterity (left hand)
 V - a +2 ring of strength
Wands
 k - a wand of disintegration (21)
 t - a wand of flame (37)
 v - a wand of polymorph (21)
 w - a wand of acid (34)
 z - a wand of random effects (9)
 H - a wand of scattershot (7)
 K - a wand of digging (6)
 M - a wand of iceblast (15)
 S - a wand of paralysis (19)
Scrolls
 h - a scroll of identify
 n - 9 scrolls of fog
 r - 20 scrolls of teleportation
 u - 6 scrolls of fear
 y - 4 scrolls of enchant weapon
 I - 3 scrolls of blinking
 J - 10 scrolls of remove curse
 P - 2 scrolls of torment
 R - a scroll of vulnerability
 W - 2 scrolls of magic mapping
Potions
 e - 3 potions of flight
 j - 7 potions of curing
 m - 3 potions of lignification
 p - 7 potions of agility
 q - 2 potions of mutation
 F - 4 potions of might
 G - 6 potions of haste
Miscellaneous
 L - 2 phantom mirrors
 X - a box of beasts
Comestibles
 c - 34 rations


   Skills:
 + Level 17.1 Fighting
 - Level 18.1 Axes
 - Level 0.3 Throwing
 + Level 19.3 Armour
 + Level 14.4 Dodging
   Level 6.0 Shields
 - Level 0.4 Evocations


You had 16 spell levels left.
You didn't know any spells.
Your spell library was empty.

Dungeon Overview and Level Annotations

Branches:
Dungeon (15/15)            Temple (1/1) D:6            Lair (6/6) D:11
 Shoals (2/4) Lair:2        Snake (3/4) Lair:2        Slime (0/5) Lair:6
    Orc (2/2) D:12            Elf (0/3) Orc:2        Vaults (0/5) D:13
 Depths (0/5) D:15          Sewer (visited)         Ossuary (visited)

Altars:
Ashenzari
Elyvilon
Fedhas
Makhleb
Nemelex Xobeh
Qazlal
Ru
Trog
Uskayaw
Jiyva

Shops:
D:8 ?   D:9 *   Orc:2 *=([

Annotations:
D:3 Sigmund
D:8 3 runed translucent doors, Sassenached's ghost, novice TeCj
D:13 2 transporters
Shoals:2 Ilsuiw


Innate Abilities, Weirdness & Mutations

You reflexively headbutt those who attack you in melee.
You have a pair of horns on your head.
[Scrolls take you longer to read.]
[You are clumsy. (Dex -2)]
[Your body often deteriorates upon taking damage.]
[You are very dopey. (Int -4)]
[You are frail. (-10% HP)]
[Your magical capacity is very low. (-20% MP)]
[You are very weak. (Str -4)]
[Your spells are easier to cast, but less powerful.]


Message History

You chop the death knight into pieces!!!
The death knight looks as sick as possible!
The death knight is heavily wounded.
The thrashing horror closely misses you.
You furiously retaliate!
You headbutt the thrashing horror.
The thrashing horror closely misses you.
The death knight barely misses you.
You slash the death knight!
The death knight looks as sick as possible!
The death knight is severely wounded.
The thrashing horror tramples you!
* * * LOW HITPOINT WARNING * * *
You hold your ground!
The thrashing horror tramples you but does no damage.
The death knight offers itself to Yredelemnul, and fills with unholy energy.
You slice the death knight!!
You kill the death knight!
Trog accepts your kill.
You barely miss the thrashing horror.
Your damage is reflected back at you!
You die...

.## # ..
#.... ...#
....#.#### ##
....#..##.#
.... . #..X#
##..#†#@.#
...#...)## .
. ..#...}##
#...#..#s#..#
..
....##..###
##..#....#
#..## ...##
#. #....§#
#... .##


You could see a thrashing horror and an orb spider.

Vanquished Creatures
  Rupert (D:14)
  Gastronok (D:11)
  A tentacled starspawn (Abyss:3)
  A nagaraja (Snake:2)
  A frost giant (D:15)
  An orc warlord (Orc:2)
  A merfolk impaler (Shoals:1)
  Snorg (D:11)
  Harold (D:7)
  5 hydras
  6 centaur warriors
  A catoblepas (Lair:6)
  6 naga warriors
  A death knight (Abyss:3)
  6 anacondas
  5 death yaks (Lair:6)
  9 two-headed ogres
  An ogre mage (D:15)
  Urug (D:11)
  2 thrashing horrors (Abyss:3)
  2 shock serpents (Snake:1)
  An orc high priest (Orc:2)
  11 naga sharpshooters
  Nergalle (D:11)
  2 wretched stars (Abyss:3)
  A fire crab (shapeshifter) (Abyss:3)
  A sea snake (Shoals:1)
  3 salamander mystics
  4 naga ritualists
  2 wizards
  A wolf spider zombie (D:14)
  12 ugly things
  Pikel (D:8)
  A deep elf mage (D:14)
  6 orc knights
  2 fauns (Shoals:1)
  3 cyclopes
  4 manticores
  3 orc sorcerers
  12 salamanders
  5 mana vipers
  3 elephants
  32 black mambas
  2 merfolk sirens (Shoals:1)
  2 guardian serpents (Snake:1)
  13 naga magi
  A gargoyle (D:15)
  6 centaur skeletons
  A spiny frog (shapeshifter) (D:13)
  A rime drake (Lair:5)
  8 spiny frogs
  5 komodo dragons
  A merfolk (D:11)
  2 polar bears (Lair:6)
  2 meliai (Abyss:3)
  7 trolls
  4 hornets
  A blink frog (Lair:5)
  A wind drake (Shoals:1)
  A snapping turtle (Shoals:1)
  2 meliai zombies
  6 slime creatures (D:14)
  10 hippogriffs
  12 spriggans (Lair:5)
  2 shadows
  A vampire (D:13)
  6 wyverns
  2 wraiths
  A water elemental (Shoals:1)
  A ynoxinul (Abyss:3)
  A small abomination (Abyss:3)
  41 yaks
  5 basilisks
  7 vampire mosquitoes
  3 hungry ghosts
  A human (shapeshifter) (D:14)
  A steam dragon (D:11)
  11 humans (D:13)
  35 nagas
  A warg (Orc:1)
  8 water moccasins
  2 acid dragons
  7 porcupines
  29 orc warriors
  2 black bears
  A sky beast (D:14)
  A slave (D:8)
  An ice beast (D:12)
  2 necrophages
  5 phantoms
  7 ogres
  10 centaurs
  12 wolves (Lair:6)
  3 boggarts (Lair:5)
  9 crocodiles
  2 elf zombies (Ossuary)
  15 bullfrogs
  4 big kobolds
  3 wyvern skeletons
  5 scorpions
  6 killer bees
  15 wights
  An electric eel (Lair:5)
  5 howler monkeys
  A bullfrog zombie (D:7)
  6 crimson imps
  4 centaur zombies
  5 jellies
  14 orc priests
  6 hounds
  3 bullfrog skeletons
  6 iguanas
  15 orc wizards
  3 worker ants
  A killer bee zombie (D:10)
  A hound skeleton (D:6)
  3 mummies (Ossuary)
  2 worker ant zombies
  3 howler monkey skeletons
  14 adders
  4 gnolls (D:6)
  4 river rats (D:5)
  5 shadow imps
  8 oozes
  2 adder skeletons
  An adder zombie (D:9)
  12 worms
  A dart slug (D:1)
  9 leopard geckos
  55 orcs
  3 giant cockroaches
  7 goblins
  10 hobgoblins
  10 jackals
  6 quokkas
  2 ball pythons
  4 bats
  5 frilled lizards
  A giant cockroach zombie (D:5)
  5 goblin zombies (Ossuary)
  5 hobgoblin zombies (Ossuary)
  16 kobolds
  3 kobold zombies (Ossuary)
  2 quokka skeletons
  A quokka zombie (D:8)
  11 rats
  A bush (Lair:6)
  9 fungi
  7 plants
823 creatures vanquished.

Vanquished Creatures (collateral kills)
  3 hydras
  A catoblepas (D:13)
  A deep troll shaman (Lair:6)
  A cyclops (D:11)
  An ugly thing (D:13)
  5 oklob plants (Lair:6)
  A komodo dragon (Lair:6)
  A polar bear (Lair:6)
  A meliai (Abyss:3)
  Menkaure (D:7)
  A black bear (D:7)
  An orc warrior (Orc:2)
  A bullfrog (D:7)
  3 killer bees (D:7)
  A gnoll shaman (D:7)
  3 gnolls (D:7)
  An orc (Orc:2)
27 creatures vanquished.

Vanquished Creatures (others)
  A vault guard (D:13)
  A slave (D:8)
  An orc priest (D:8)
  A worker ant (D:8)
  3 orcs (D:8)
  2 jackals (D:8)
  A bush (Lair:6)
  6 fungi
  4 plants
  3 starspawn tentacles (Abyss:3)
23 creatures vanquished.

Grand Total: 873 creatures vanquished

Notes
Turn   | Place    | Note
-------+----------+-------------------------------------------
     0 | D:1      | bruhmomentos the Minotaur Berserker began the quest for the
                  | Orb.
     0 | D:1      | Reached XP level 1. HP: 19/19 MP: 0/0
   236 | D:1      | Reached XP level 2. HP: 27/27 MP: 1/1
  1137 | D:2      | Reached XP level 3. HP: 17/33 MP: 2/2
  1489 | D:2      | Found a sacrificial altar of Ru.
  1499 | D:2      | Reached ** piety under Trog
  1846 | D:2      | Reached skill level 5 in Axes
  2128 | D:3      | Reached XP level 4. HP: 38/40 MP: 3/3
  2549 | D:3      | Noticed Sigmund
  2602 | D:4      | Noticed a phantom
  2636 | D:4      | Killed a phantom
  2636 | D:4      | Reached XP level 5. HP: 11/46 MP: 4/4
  2988 | D:4      | Found a sand-covered staircase.
  2994 | Ossuary  | Entered an ossuary
  2994 | Ossuary  | Noticed a wraith
  2994 | Ossuary  | Noticed a wraith
  2994 | Ossuary  | Noticed a wraith
  3046 | Ossuary  | Reached *** piety under Trog
  3065 | Ossuary  | Reached XP level 6. HP: 17/52 MP: 5/5
  3494 | Ossuary  | Noticed a wraith
  3502 | Ossuary  | Killed a wraith
  3572 | Ossuary  | Reached XP level 7. HP: 59/59 MP: 6/6
  4314 | D:4      | Reached skill level 10 in Axes
  4411 | D:5      | Entered Level 5 of the Dungeon
  4544 | D:5      | Found a hide-covered altar of Uskayaw.
  5050 | D:5      | Found a glowing drain.
  5066 | Sewer    | Entered a sewer
  5165 | Sewer    | Reached XP level 8. HP: 38/66 MP: 7/7
  5179 | Sewer    | Reached **** piety under Trog
  7260 | D:6      | Found a staircase to the Ecumenical Temple.
  7271 | D:6      | Received a gift from Trog
  7283 | Temple   | Entered the Ecumenical Temple
  7316 | D:6      | Reached skill level 3 in Armour
  8128 | D:7      | Noticed Menkaure
  8134 | D:7      | Killed Menkaure
  8187 | D:7      | Reached XP level 9. HP: 58/71 MP: 8/8
  8551 | D:8      | Noticed Pikel
  8559 | D:8      | Killed Pikel
  8559 | D:8      | Reached skill level 4 in Armour
  8765 | D:7      | Reached skill level 5 in Armour
  8821 | D:7      | Noticed Harold
  8835 | D:7      | Killed Harold
  8835 | D:7      | Reached skill level 7 in Armour
  8856 | D:7      | Reached skill level 8 in Armour
  9064 | D:7      | Identified a scroll of acquirement
  9117 | D:7      | Found a stormy altar of Qazlal.
  9512 | D:8      | Found Lecivemp's Magic Scroll Shoppe.
  9518 | D:8      | Received a gift from Trog
  9525 | D:8      | Bought a scroll of identify for 24 gold pieces
  9525 | D:8      | Bought a scroll of blinking for 90 gold pieces
  9565 | D:8      | Reached skill level 9 in Armour
  9567 | D:8      | Noticed a two-headed ogre
  9579 | D:8      | Killed a two-headed ogre
  9579 | D:8      | Reached skill level 10 in Armour
  9579 | D:8      | Reached XP level 10. HP: 33/78 MP: 9/9
 10024 | D:8      | Found a runed translucent gate.
 10024 | D:8      | Found a runed translucent gate.
 10024 | D:8      | Found a runed translucent gate.
 10024 | D:8      | Noticed Sassenached's ghost (novice TeCj)
 10024 | D:8      | Identified the cursed +1 dagger "Imniut" {elec, -Tele rPois
                  | rN+++ Str-4}
 10528 | D:8      | Found a burning altar of Makhleb.
 10529 | D:8      | Found a shattered altar of Ashenzari.
 10530 | D:8      | Found a blossoming altar of Fedhas.
 10531 | D:8      | Found a white marble altar of Elyvilon.
 11016 | D:9      | Reached skill level 11 in Armour
 11042 | D:9      | Got a blackened plate armour
 11053 | D:9      | Identified the cursed +1 plate armour of Ecvituass {rN+
                  | Slay+3} (You found it on level 9 of the Dungeon)
 11228 | D:9      | Found Riri's General Store.
 11231 | D:9      | Bought 2 potions of heal wounds for 160 gold pieces
 11341 | D:10     | Entered Level 10 of the Dungeon
 11353 | D:9      | Reached skill level 5 in Fighting
 11475 | D:11     | Noticed a red ugly thing
 11475 | D:11     | Noticed a wizard
 11483 | D:10     | Killed a red ugly thing
 11854 | D:10     | Found a bloodstained altar of Trog.
 12255 | D:11     | Reached skill level 12 in Armour
 12554 | D:11     | Killed a wizard
 12715 | D:10     | Reached XP level 11. HP: 84/92 MP: 10/10
 12938 | D:11     | Reached skill level 13 in Armour
 13076 | D:11     | Noticed Nergalle
 13086 | D:11     | Killed Nergalle
 13174 | D:11     | Noticed Snorg
 13186 | D:11     | Killed Snorg
 13402 | D:11     | Noticed a purple ugly thing
 13408 | D:11     | Killed a purple ugly thing
 13509 | D:11     | Noticed a two-headed ogre
 13517 | D:11     | Killed a two-headed ogre
 13649 | D:11     | Noticed Gastronok
 13659 | D:11     | Killed Gastronok
 13659 | D:11     | Reached skill level 10 in Fighting
 13659 | D:11     | Reached skill level 14 in Armour
 13783 | D:11     | Reached skill level 5 in Dodging
 13828 | D:11     | Noticed Urug
 13841 | D:11     | Killed Urug
 13872 | D:11     | Noticed a four-headed hydra
 13879 | D:11     | Killed a four-headed hydra
 14137 | D:11     | Noticed a cyan ugly thing
 14137 | D:11     | Noticed a two-headed ogre
 14158 | D:11     | Reached XP level 12. HP: 107/107 MP: 11/11
 14160 | D:11     | Killed a two-headed ogre
 14747 | D:11     | Found a staircase to the Lair.
 14770 | Lair:1   | Entered Level 1 of the Lair of Beasts
 15921 | D:12     | Noticed a two-headed ogre
 15926 | D:12     | Killed a two-headed ogre
 16170 | D:12     | Found a staircase to the Orcish Mines.
 16187 | D:12     | Reached ***** piety under Trog
 16197 | D:12     | Reached skill level 15 in Armour
 16656 | D:13     | Noticed a centaur warrior
 16660 | D:13     | Killed a centaur warrior
 17116 | D:13     | Noticed a catoblepas
 17121 | D:13     | Killed a catoblepas
 17152 | D:13     | Noticed a seven-headed hydra
 17162 | D:13     | Killed a seven-headed hydra
 17263 | D:13     | Killed a vault guard
 17366 | D:13     | Received a gift from Trog
 17621 | D:13     | Reached XP level 13. HP: 119/119 MP: 12/12
 17668 | D:13     | Found a transporter.
 17760 | D:13     | Found a transporter.
 17819 | D:13     | Found a gate to the Vaults.
 18201 | D:14     | Noticed Rupert
 18211 | D:14     | Killed Rupert
 18211 | D:14     | Reached skill level 16 in Armour
 18614 | D:14     | Reached skill level 10 in Dodging
 19580 | D:15     | Entered Level 15 of the Dungeon
 19834 | D:15     | Received a gift from Trog
 20167 | D:15     | Reached skill level 1 in Shields
 20293 | D:15     | Found a staircase to the Depths.
 20293 | D:15     | Noticed a frost giant
 20301 | D:15     | Killed a frost giant
 20301 | D:15     | Reached XP level 14. HP: 77/132 MP: 13/13
 20718 | D:15     | Reached skill level 17 in Armour
 21286 | Lair:2   | Found a staircase to the Snake Pit.
 22065 | Lair:2   | Found a staircase to the Shoals.
 22426 | Lair:3   | Reached skill level 15 in Axes
 22484 | Snake:1  | Entered Level 1 of the Snake Pit
 23180 | Snake:1  | Received a gift from Trog
 23768 | Snake:1  | Reached skill level 5 in Shields
 24482 | Snake:1  | Reached XP level 15. HP: 127/139 MP: 14/14
 24576 | Snake:1  | Got a faintly glowing golden ring
 24577 | Snake:1  | Identified the ring of Xoug {Wiz rF- Dex+3 SInv} (You found
                  | it on level 1 of the Snake Pit)
 25101 | Snake:1  | Received a gift from Trog
 25104 | Snake:1  | Got a dazzling executioner's axe {god gift}
 25111 | Snake:1  | Identified the +10 executioner's axe of Duty {venom, Int+2}
                  | (Trog gifted it to you on level 1 of the Snake Pit)
 25143 | Snake:1  | Reached skill level 15 in Fighting
 27605 | Snake:2  | Reached skill level 18 in Armour
 29493 | Lair:5   | Reached XP level 16. HP: 149/149 MP: 15/15
 29831 | Lair:5   | Received a gift from Trog
 30884 | Lair:6   | Entered Level 6 of the Lair of Beasts
 31216 | Lair:6   | Found a staircase to the Slime Pits.
 31216 | Lair:6   | Found a viscous altar of Jiyva.
 31702 | Lair:6   | Reached XP level 17. HP: 112/158 MP: 16/16
 33302 | Orc:1    | Entered Level 1 of the Orcish Mines
 33378 | Orc:2    | Entered Level 2 of the Orcish Mines
 33378 | Orc:2    | Found a staircase to the Elven Halls.
 33901 | Orc:2    | Found Qoppium's Jewellery Boutique.
 33915 | Orc:2    | Found Uroretum's Antique Weapon Boutique.
 33929 | Orc:2    | Found Usadir's General Store.
 34409 | Orc:2    | Found Ahom's Antique Armour Shoppe.
 35032 | Orc:2    | Bought the amulet of Eworimou {rC+ Regen+} for 484 gold
                  | pieces
 35625 | Snake:3  | Reached skill level 19 in Armour
 36515 | Shoals:1 | Entered Level 1 of the Shoals
 36892 | Shoals:1 | Got a glittering amber ring
 36895 | Shoals:1 | Identified the ring "Nacaw" {Int+6 Dex-5 Stlth-} (You found
                  | it on level 1 of the Shoals)
 37148 | Shoals:2 | Noticed Ilsuiw
 37151 | Shoals:2 | Cast into level 3 of the Abyss (merfolk impaler)
 37308 | Abyss:3  | Killed by mirror damage

Levels and vault maps discovered:
D:1:      mrwooster_arrival_statue_2, layout_basic, serial_forest,
          infiniplex_forest_lined_4_way, infiniplex_forest_join,
          infiniplex_forest_clump_small, infiniplex_forest_clump_double,
          infiniplex_forest_straight_2, moated_statue
D:2:      layout_basic, nicolae_ru_sacrificial_ziggurat, palyth_stone_intersect
D:3:      layout_basic, first_ration, st_stairs_11, hex_tiny, fountainhead,
          saegor_snake_ambush, uniq_sigmund, uniq_crazy_yiuf_cottage
D:4:      layout_basic, nicolae_ossuary_entry_false_entrances,
          uniq_blork_the_orc
D:5:      layout_loops_corners, lemuel_round_altar, lightli_sewer_entry_pipes,
          minmay_bent
D:6:      layout_loops_ring, temple_fountains
D:7:      layout_basic, basic_altar, uniq_harold, uniq_menkaure
D:8:      layout_gridville, chequers_temple_overflow_statue_of_worship,
          serial_shops, nicolae_shop_crystal, gammafunk_ghost_nasty_kobolds,
          uniq_pikel
D:9:      layout_irregular_city, serial_shops, kennysheep_mini_moat
D:10:     layout_loops_ring, basic_altar
D:11:     kennysheep_blocky_room, layout_irregular_city, erik_lair_dragon,
          hangedman_fish_farm, hangedman_decor_points, uniq_nergalle, uniq_urug,
          uniq_snorg, uniq_gastronok
D:12:     layout_stronghold, orc_0_dummy
D:13:     gammafunk_the_bubble [the_bubble_gammafunk_grid],
          layout_irregular_city, ximxim_vaults_locker_room
D:14:     layout_stronghold, minmay_misc_feat_pillars, minmay_misc_feat_tiny,
          uniq_rupert
D:15:     grunt_enter_depths_snipers, layout_basic, serial_corexii_hall,
          corexii_hall_statues_l, corexii_hall_statues_s,
          hangedman_abyss_or_decor_passed, minmay_crystal_water,
          hangedman_decor_lopped, minmay_tree_intersection
Temple:   eino_temple_scatter_basement
Lair:1:   layout_chaotic_city, infiniplex_staircase_pool_2
Lair:2:   layout_layer_cave, shoals_dummy_entry,
          minmay_snake_entry_guardpost_small, minmay_stone_trees_small
Lair:3:   layout_regular_city, minivault_26
Lair:4:   layout_roguey, minmay_hedge_maze, serial_bayou_pond_d
Lair:5:   kb_forest_paths, layout_regular_city, serial_bayou_shore_a
Lair:6:   grunt_lair_end_beastmaster, layout_small_grid, slime_altar_1,
          dpeg_oklob_1, serial_bayou_shore_b
Shoals:1: layout_shoals
Shoals:2: layout_shoals, uniq_ilsuiw
Snake:1:  kennysheep_snake, layout_layer_cave, special_room,
          nicolae_snake_biting_tails, grunt_ministairs_4
Snake:2:  layout_honeycomb
Snake:3:  layout_gridlike, uniq_vashnia
Orc:1:    layout_diamond_mine
Orc:2:    grunt_orc_gardens, layout_caves, grunt_orc_garden, grunt_orc_garden,
          grunt_orc_garden, grunt_orc_garden
Abyss:3:  grunt_abyss_rune_wretched_hive, grunt_abyss_rune_wretched_hive

Skill      XL: |  1  2  3  4  5  6  7  8  9 10 11 12 13 14 15 16 17 |
---------------+----------------------------------------------------+-----
Axes           | 4 5 7 9 11 13 14 16 18 | 18.1
Fighting       | 4 7 10 12 14 15 16 17 | 17.1
Armour         | 3 10 12 14 15 16 17 18 19 | 19.3
Dodging        | 5 8 11 12 13 14 | 14.4
Shields        | 1 5 6 |  6.0
Throwing       | |  0.3
Evocations     | |  0.4

Action                   |  1- 3 |  4- 6 |  7- 9 | 10-12 | 13-15 | 16-18 || total
-------------------------+-------+-------+-------+-------+-------+-------++-------
Melee: Hand axe          |    93 |    96 |   271 |       |       |       ||   460
       Headbutt          |    16 |    17 |    64 |   110 |   149 |    75 ||   431
       Battleaxe         |       |       |   114 |   446 |   154 |       ||   714
       Broad axe         |       |       |       |       |   283 |       ||   283
       Executioner's axe |       |       |       |       |   191 |   372 ||   563
Throw: Boomerang         |       |       |       |     5 |       |     3 ||     8
Invok: Berserk           |     1 |     2 |     5 |     8 |     2 |     1 ||    19
       Trog's Hand       |       |       |     3 |     2 |       |     3 ||     8
       Brothers in Arms  |       |       |     3 |     6 |     1 |     9 ||    19
Evoke: Wand              |       |       |       |     1 |       |       ||     1
       Box of beasts     |       |       |       |       |       |     1 ||     1
  Use: Scroll            |     6 |     2 |     9 |     5 |    15 |     4 ||    41
       Potion            |       |       |     6 |     5 |     1 |    18 ||    30
 Stab: Invisible         |       |       |     2 |     3 |       |       ||     5
       Distracted        |       |       |       |       |       |     1 ||     1
  Eat: Chunk             |     5 |     3 |    10 |    30 |    22 |    17 ||    87
       Ration            |       |     1 |     4 |     3 |     5 |     4 ||    17
Armor: Animal skin       |     7 |    11 |    19 |       |       |       ||    37
       Chain mail        |       |       |    51 |    11 |       |       ||    62
       Plate armour      |       |       |       |   195 |   336 |   305 ||   836
       Ring mail         |       |       |       |    20 |       |       ||    20
       Skin              |       |       |       |     6 |       |    29 ||    35
Dodge: Dodged            |    62 |    51 |   171 |   205 |   358 |   360 ||  1207
Block: Buckler           |       |       |       |       |    61 |       ||    61

Table legend:
 A = Non-vault XP
 B = Vault XP
 C = Vault XP percentage of total XP
 D = Non-vault monster count
 E = Vault monster count
 F = Vault count percentage of total count
                 A         B        C        D         E       F
            +---------+---------+-------+---------+---------+-------
      Total |  136140 |   63000 |  31.6 |     605 |     227 |  27.3
            +---------+---------+-------+---------+---------+-------
        D:1 |      29 |       0 |   0.0 |      17 |       0 |   0.0
        D:2 |      61 |       4 |   6.2 |      28 |       2 |   6.7
        D:3 |      46 |       6 |  11.5 |       7 |       2 |  22.2
        D:4 |     318 |       3 |   0.9 |       7 |       1 |  12.5
        D:5 |     214 |     321 |  60.0 |       4 |      21 |  84.0
        D:6 |     643 |       0 |   0.0 |      25 |       0 |   0.0
        D:7 |    1325 |     811 |  38.0 |      31 |       2 |   6.1
        D:8 |    1569 |     593 |  27.4 |      13 |       1 |   7.1
        D:9 |    1080 |       0 |   0.0 |      28 |       0 |   0.0
       D:10 |    1675 |       0 |   0.0 |      16 |       0 |   0.0
       D:11 |    7317 |    8101 |  52.5 |      46 |      18 |  28.1
       D:12 |    2770 |       0 |   0.0 |      23 |       0 |   0.0
       D:13 |    8671 |    2111 |  19.6 |      33 |      11 |  25.0
       D:14 |   15663 |    3168 |  16.8 |      51 |       1 |   1.9
       D:15 |   10523 |    3231 |  23.5 |      33 |       3 |   8.3
     Lair:1 |    2219 |       0 |   0.0 |      12 |       0 |   0.0
     Lair:2 |    2301 |     332 |  12.6 |       8 |       2 |  20.0
     Lair:3 |    2314 |       0 |   0.0 |      11 |       0 |   0.0
     Lair:4 |    3461 |       0 |   0.0 |      11 |       0 |   0.0
     Lair:5 |    6076 |    4967 |  45.0 |      23 |      21 |  47.7
     Lair:6 |    4385 |   11026 |  71.5 |      18 |      25 |  58.1
   Shoals:1 |    6238 |       0 |   0.0 |      14 |       0 |   0.0
    Snake:1 |   19849 |   17295 |  46.6 |      40 |      36 |  47.4
    Snake:2 |   21372 |       0 |   0.0 |      41 |       0 |   0.0
    Snake:3 |    5154 |       0 |   0.0 |      11 |       0 |   0.0
      Orc:1 |    1706 |    1364 |  44.4 |      21 |       3 |  12.5
      Orc:2 |    2229 |    6920 |  75.6 |      25 |      24 |  49.0
    Abyss:3 |    6932 |    1845 |  21.0 |       8 |       7 |  46.7
      Sewer |       0 |     431 | 100.0 |       0 |      28 | 100.0
    Ossuary |       0 |     471 | 100.0 |       0 |      19 | 100.0
            +---------+---------+-------+---------+---------+-------
